 Dungeon Crawl Stone Soup version 0.22.1-2-g9c5b331 (webtiles) character file.

2 MalarOregon the Chiller (level 1, 0/13 HPs)
             Began as a Merfolk Ice Elementalist on Nov 12, 2018.
             Slain by a hobgoblin
             ... wielding a +0 club
              (1 damage)
             ... on level 1 of the Dungeon.
             The game lasted 00:01:06 (66 turns).

MalarOregon the Chiller (Merfolk Ice Elementalist)    Turns: 66, Time: 00:01:07

Health: 0/13       AC:  2    Str:  8    XL:     1   Next: 30%
Magic:  0/3        EV: 13    Int: 14    God:
Gold:   10         SH:  0    Dex: 14    Spells: 3/4 levels left

rFire    . . .     SeeInvis .   (no weapon)
rCold    . . .     Gourm    .   (no shield)
rNeg     . . .     Faith    .   a - +0 robe
rPois    .         Spirit   .   (no helmet)
rElec    .         Reflect  .   (no cloak)
rCorr    .         Harm     .   (no gloves)
MR       .....                  (no boots)
Stlth    ++........             (no amulet)
HPRegen  0.04/turn              (no ring)
MPRegen  0.08/turn              (no ring)

@: no status effects
A: change form in water, swift swim, stealthy swim
a: no special abilities


You were on level 1 of the Dungeon.
You were not hungry.

You visited 1 branch of the dungeon, and saw 1 of its levels.

You collected 10 gold pieces.

Inventory:

Armour
 a - a +0 robe (worn)
Scrolls
 b - a scroll of identify {unknown}
Comestibles
 c - a chunk of flesh
 e - a ration {!d}


   Skills:
 + Level 0.1 Fighting
 + Level 2.7 Dodging
 + Level 2.2 Stealth
 + Level 2.0 Spellcasting
   Level 0.7 Conjurations
 + Level 3.3 Ice Magic


You had 3 spell levels left.
You knew the following spells:

 Your Spells              Type           Power        Failure   Level  Hunger
a - Freeze                Ice            ##..         6%          1    ##.....

Your spell library contained the following spells:

 Spells                   Type           Power        Failure   Level  Hunger
 Throw Frost              Conj/Ice       #.....       16%         2    ###....
 Ozocubu's Armour         Chrm/Ice       #.......     36%         3    ####...
 Throw Icicle             Conj/Ice       #.......     71%         4    #####..
 Summon Ice Beast         Ice/Summ       #.......     77%         4    #####..


Dungeon Overview and Level Annotations

Branches:
Dungeon (1/15)

Altars:


Message History

Unknown command.
The goblin barely misses you.
You see here a bubbling clear potion.
The jackal closely misses you.
A leopard gecko comes into view.
You see here 2 gold pieces.
A jackal comes into view.
The jackal bites you.
* * * LOW HITPOINT WARNING * * *
Aim: a jackal You freeze the jackal.
The jackal barks!
The jackal misses you.
Unknown command.
The jackal misses you. The jackal bites you.
* * * LOW HITPOINT WARNING * * *
The jackal bites you but does no damage.
The jackal closely misses you.
Aim: a jackal (moderately wounded)
You freeze the jackal. The jackal closely misses you. x2
You hit the jackal. The jackal closely misses you.
You closely miss the jackal. The jackal barely misses you.
You hit the jackal but do no damage. The jackal closely misses you.
The jackal barely misses you.
You hit the jackal but do no damage. The jackal misses you.
You barely miss the jackal. The jackal closely misses you.
The jackal misses you.
You closely miss the jackal. The jackal barely misses you.
You hit the jackal but do no damage. The jackal bites you.
* * * LOW HITPOINT WARNING * * *
You aren't carrying any potions.
You barely miss the jackal.
The jackal bites you but does no damage.
The jackal bites you.
* * * LOW HITPOINT WARNING * * *
A hobgoblin comes into view. It is wielding a club.
You completely miss the jackal.
The hobgoblin shouts!
The jackal bites you.
* * * LOW HITPOINT WARNING * * *
The jackal bites you but does no damage.
You barely miss the jackal.
The jackal bites you but does no damage.
You closely miss the jackal. The jackal closely misses you.
The hobgoblin misses you.
Aim: a hobgoblin, wielding a club You freeze the hobgoblin.
The jackal misses you. The jackal barely misses you.
You closely miss the hobgoblin. The hobgoblin hits you with a club.
You die...

♣♣♣.......♣♣♣
♣....8.<.8..♣♣♣
...............
...............
.....8...8.....
#####.........###
##g.h##.......##
#h###.##8...8##
#@##...##'''###
......g.##..###.....#
# .#########.h#
#.....#.#.
#..######......
#....g# #.##.##
#.###$###.# .#
#.......#.# #
#.......h!.#
l................


You could see a jackal, a hobgoblin and a goblin.

Vanquished Creatures
  A hobgoblin (D:1)
  A frilled lizard (D:1)
2 creatures vanquished.

Notes
Turn   | Place    | Note
-------+----------+-------------------------------------------
     0 | D:1      | MalarOregon the Merfolk Ice Elementalist began the quest
                  | for the Orb.
     0 | D:1      | Reached XP level 1. HP: 13/13 MP: 3/3
    66 | D:1      | Slain by a hobgoblin

Action                   || total
-------------------------++-------
Melee: Unarmed           ||    12
 Cast: Freeze            ||     6
Armor: Robe              ||     5
Dodge: Dodged            ||    19
